 Dungeon Crawl Stone Soup version 0.22-a0-389-g8519d86 (webtiles) character file.

9303 sankara the Artisan of Death (level 11, -1/99 HPs)
             Began as a Ghoul Necromancer on Apr 29, 2018.
             Was a Priest of Kikubaaqudgha.
             Slain by a sixfirhy (12 damage)
             ... led by a cacodemon
             ... on level 2 of the Abyss on Apr 30, 2018.
             The game lasted 01:15:59 (12511 turns).

sankara the Artisan of Death (Ghoul Necromancer)   Turns: 12511, Time: 01:16:00

Health: -1/99      AC: 13    Str: 13    XL:     11   Next: 44%
Magic:  16/22      EV: 11    Int: 13    God:    Kikubaaqudgha [***...]
Gold:   598        SH:  4    Dex:  9    Spells: 0/26 levels left

rFire    . . .     SeeInvis .   U - +1 falchion (curse)
rCold    + + .     Gourm    .   Q - +0 buckler
rNeg     + + +     Faith    +   z - +0 troll leather armour {Purgy}
rPois    ∞         Spirit   .   o - +1 helmet
rElec    .         Reflect  .   T - +0 cloak
rCorr    .         Harm     .   q - +2 pair of gloves
MR       .....                  f - +2 pair of boots
Stlth    +.........             A - amulet of faith {Faith, !P}
HPRegen  0.00/turn              L - ring of protection from cold {rC+, !d}
MPRegen  0.18/turn              (no ring)

@: rotting
A: rotting body, claws 1, carnivore, cold resistance 1, negative energy
resistance 3, inhibited regeneration, torment resistance, unbreathing
a: Receive Corpses, Renounce Religion


You were on level 2 of the Abyss.
You worshipped Kikubaaqudgha.
Kikubaaqudgha was most pleased with you.
You were not hungry.

You visited 2 branches of the dungeon, and saw 12 of its levels.
You visited the Abyss 1 time.

You collected 611 gold pieces.
You spent 13 gold pieces at shops.

Inventory:

Hand Weapons
 a - a +1 dagger of draining
   (You found it on level 1 of the Dungeon)
 b - a +0 hunting sling
   (You found it on level 1 of the Dungeon)
 c - a +0 long sword
   (You took it off an orc warrior on level 7 of the Dungeon)
 d - a +0 rapier
   (You found it on level 6 of the Dungeon)
 R - a +2 war axe of draining
   (You took it off a wight on level 11 of the Dungeon)
 U - a cursed +1 falchion (weapon)
   (You took it off a wight on level 11 of the Dungeon)
Missiles
 i - 234 stones (quivered)
 n - 5 javelins
 s - 7 curare-tipped needles
 y - 5 tomahawks
 G - 3 throwing nets {=f, !d}
 J - 35 sling bullets
 M - 4 tomahawks of dispersal {=f}
Armour
 f - a +2 pair of boots (worn)
   (You found it on level 1 of the Dungeon)
 o - a +1 helmet (worn)
   (You found it on level 1 of the Dungeon)
 q - a +2 pair of gloves (worn)
   (You found it on level 5 of the Dungeon)
 z - a +0 troll leather armour (worn) {Purgy}
   (You found it on level 4 of the Dungeon)
 Q - a +0 buckler (worn)
   (You found it on level 9 of the Dungeon)
 T - a +0 cloak (worn)
   (You found it on level 11 of the Dungeon)
Jewellery
 A - an amulet of faith (around neck) {Faith, !P}
   (You took it off an orc on level 2 of the Dungeon)
 B - an uncursed amulet of guardian spirit {unknown}
   (You found it on level 4 of the Dungeon)
 L - a ring of protection from cold (left hand) {rC+, !d}
   (You found it on level 7 of the Dungeon)
Wands
 t - a wand of acid (3)
   (You found it on level 4 of the Dungeon)
 K - a wand of flame (17)
   (You found it on level 8 of the Dungeon)
 N - a wand of digging (14)
   (You found it on level 8 of the Dungeon)
Scrolls
 j - 6 scrolls of remove curse
 l - 9 scrolls of identify
 C - a scroll of magic mapping {!r}
 D - a scroll of enchant armour
 E - 3 scrolls of teleportation
 F - a scroll of fear
 P - 2 scrolls of enchant weapon
 S - a scroll of fog {unknown}
Potions
 e - 2 potions of berserk rage {unknown}
 g - 2 potions of flight {unknown}
 h - 3 potions of mutation
 p - a potion of invisibility {unknown}
 r - 3 potions of heal wounds
 u - 5 potions of curing
 v - a potion of lignification {unknown}
 w - a potion of might {unknown}
 x - 2 potions of brilliance
 H - a potion of ambrosia {unknown}
 I - a potion of haste {unknown}
 O - a potion of resistance {unknown}
Miscellaneous
 k - a sack of spiders
Comestibles
 m - 15 rations


   Skills:
 - Level 10.0 Fighting
 - Level 1.7 Dodging
 - Level 2.1 Stealth
 - Level 4.0 Shields
 - Level 8.3 Spellcasting
 + Level 11.2 Necromancy


You couldn't memorise any spells.
You knew the following spells:

 Your Spells              Type           Power        Failure   Level  Hunger
a - Pain                  Necr           ####         1%          1    None
b - Blink                 Tloc           N/A          26%         2    None
c - Animate Skeleton      Necr           N/A          1%          1    None
d - Animate Dead          Necr           N/A          1%          4    ####...
e - Regeneration          Chrm/Necr      ###.......   4%          3    ##.....
f - Magic Dart            Conj           #...         17%         1    None
g - Vampiric Draining     Necr           ####......   1%          3    ##.....
h - Dispel Undead         Necr           ####....     4%          5    #####..
i - Death Channel         Necr           ####......   26%         6    #######


Dungeon Overview and Level Annotations

Branches:
Dungeon (11/15)            Temple (1/1) D:4            Lair (0/6) D:10
    Orc (0/2) D:10

Altars:
Ashenzari
Cheibriados
Dithmenos
Elyvilon
Fedhas
Gozag
Hepliaklqana
Kikubaaqudgha
Makhleb
Nemelex Xobeh
Okawaru
Qazlal
Ru
Sif Muna
Trog
Uskayaw
Vehumet
Wu Jian
Xom
Yredelemnul
Zin
The Shining One

Shops:
D:5 !

Annotations:
D:3 Dargar's ghost, amateur FoAK
D:10 Maurice
D:11 Sonja


Innate Abilities, Weirdness & Mutations

Your body is rotting away.
You thrive on raw meat.
You are immune to poison.
You have sharp fingernails.
You are carnivorous and can eat meat at any time.
Your flesh is cold resistant. (rC+)
You are immune to negative energy. (rN+++)
You do not regenerate when monsters are visible.
You are immune to unholy pain and torment.
You can survive without breathing.


Message History

Sonja shoots a curare-tipped needle.
The curare-tipped needle hits you.
You see here a curare-tipped needle.
Sonja casts a spell.
Sonja blinks!
You swap places.
Sonja shouts, "Too slow!"
Sonja shoots a curare-tipped needle.
The curare-tipped needle hits you.
You see here a curare-tipped needle.
Sonja shoots a curare-tipped needle.
The curare-tipped needle closely misses you.
The curare-tipped needle completely misses your spectral manticore.
The curare-tipped needle hits your ogre zombie.
Sonja shoots a curare-tipped needle.
You block the curare-tipped needle.
You see here a curare-tipped needle.
Sonja unwields an uncursed blowgun.
Sonja wields an uncursed short sword of distortion.
Its appearance distorts for a moment.
Sonja barely misses you. Sonja closely misses you.
Sonja hits you but does no damage. Space bends around you.
You hit Sonja.
Sonja is lightly wounded.
Sonja hits you but does no damage.
You are cast into the Abyss!
To return, you must find a gate leading back.
Killing monsters will force the Abyss to allow you passage.
This branch contains the abyssal rune of Zot.
Unknown command.
Unknown command.
You start resting.
You feel your flesh rotting away.
You start resting.
HP restored.
A large abomination comes into view.
You enter the shallow water.
Moving in this stuff is going to be slow.
You enter the shallow water.
Moving in this stuff is going to be slow.
You enter the shallow water.
Moving in this stuff is going to be slow.
A smoke demon comes into view.
The smoke demon roars!
A sixfirhy comes into view.
Casting: Dispel Undead (safe; 4% risk of failure)
Confirm with . or Enter, or press ? or * to list all spells.
Okay, then.
Kikubaaqudgha delivers you corpses!
You feel somewhat more hungry. You block the smoke demon's attack.
The smoke demon barely misses you.
The smoke demon hits you but does no damage.
Casting: Dispel Undead (safe; 4% risk of failure)
Confirm with . or Enter, or press ? or * to list all spells.
You call on the dead to rise...
The dead are walking and flying!
The smoke demon hits you but does no damage.
You block the smoke demon's attack. The smoke demon hits you.
You swap places.
The sixfirhy hits you. The sixfirhy shocks you! The sixfirhy barely misses you.
The sixfirhy hits you! The sixfirhy shocks you!
The smoke demon gestures at you. Something smites you!
Wield which item (- for none, * to show all)? (? for menu, Esc to quit)
It sticks to your hand!
U - a cursed +1 falchion (weapon)
The sixfirhy hits you. The sixfirhy shocks you!
You block the sixfirhy's attack.
Your frost giant zombie hits the smoke demon!!
Your human zombie misses the sixfirhy.
You closely miss the sixfirhy.
Your ghost moth zombie barely misses the smoke demon.
Your ghost moth zombie hits the smoke demon but does no damage.
Your ghost moth zombie hits the smoke demon.
The smoke demon hits your frost giant zombie. x3
Your frost giant zombie barely misses the smoke demon.
Your titan zombie closely misses the sixfirhy.
Your human zombie misses the sixfirhy.
You closely miss the sixfirhy. The smoke demon gestures at you.
The ball of steam hits your frost giant zombie.
The ball of steam hits you!
* * * LOW HITPOINT WARNING * * *
Your ghost moth zombie hits the smoke demon.
Your ghost moth zombie hits the smoke demon!
The smoke demon dies!
Kikubaaqudgha accepts your kill. The sixfirhy hits you.
* * * LOW HITPOINT WARNING * * *
The sixfirhy shocks you!
* * * LOW HITPOINT WARNING * * *
Your frost giant zombie misses the sixfirhy.
Your human zombie closely misses the sixfirhy.
Your titan zombie misses the sixfirhy.
Okay, then.
Okay, then.
Okay, then.
You feel much better.
You are engulfed in a cloud of scalding steam.
* * * LOW HITPOINT WARNING * * *
The sixfirhy hits you!
* * * LOW HITPOINT WARNING * * *
The sixfirhy shocks you!
You die...
Kikubaaqudgha rasps: "You have failed me!
Welcome... oblivion!"

#.. ##.. #### #
####.. ##.#..
###. ..##.. .
..#
.$##.%.#..#..#.
## ≈ ...#.#....#
# #≈≈≈
#.Z.##.##≈###≈ ≈
#Z3#...♣#≈≈≈≈≈
#Z@Z# ≈≈≈≈.#≈≈
#≈...§#≈..≈≈≈≈ ≈
#..#.#§##.#.####
####.#.###.##
...#...## ##.#
### # #.# #.# ##
#


You could see a sixfirhy, a friendly ghost moth zombie, a friendly frost giant
zombie, a friendly titan zombie and a friendly human zombie.

Vanquished Creatures
  2 two-headed ogres
  Nergalle (D:10)
  A deep elf mage (D:9)
  A hippogriff (D:9)
  A yak (D:7)
  5 wraiths
  4 hogs
  A human (D:7)
  Edmund (Temple)
  Menkaure (D:4)
  2 water moccasins
  Purgy (D:4)
  An ice beast (D:5)
  2 orc warriors
  3 black bears
  An ogre (D:9)
  A phantom (D:4)
  4 centaurs
  A big kobold (D:10)
  7 bullfrogs
  2 scorpions
  3 wights (D:11)
  3 howler monkeys
  3 crimson imps
  2 bullfrog zombies
  2 quasits
  A centaur zombie (D:10)
  A hound (D:6)
  3 jellies
  3 bullfrog skeletons
  An orc priest (D:11)
  2 gnoll shamans
  A centaur skeleton (D:11)
  4 orc wizards
  An iguana (D:9)
  3 worker ants
  A worker ant zombie (D:8)
  7 gnolls
  6 adders
  A shadow imp (D:5)
  3 oozes
  An adder zombie (D:6)
  A worm (D:4)
  4 dart slugs
  2 leopard geckos
  21 orcs
  A giant cockroach (D:1)
  7 goblins
  14 hobgoblins
  10 jackals
  10 kobolds
  2 quokkas
  4 bats
  4 frilled lizards
  A giant cockroach zombie (D:5)
  2 jackal skeletons
  A quokka zombie (D:5)
  11 rats
190 creatures vanquished.

Vanquished Creatures (collateral kills)
  Josephine (D:10)
  An ugly thing (D:8)
  A manticore (D:11)
  A smoke demon (Abyss:2)
  A wraith (D:9)
  A hungry ghost (D:9)
  2 yaks (D:8)
  2 sky beasts
  An ogre (D:11)
  A bullfrog (D:6)
  3 wights
  2 centaur zombies
  A bullfrog skeleton (D:9)
  An orc priest (D:8)
  3 worker ants
  A worker ant zombie (D:9)
  2 gnolls (D:9)
  An adder skeleton (D:6)
  A dart slug (D:1)
  3 orcs
  2 quokkas (D:6)
  A rat (D:2)
33 creatures vanquished.

Vanquished Creatures (others)
  A plant (D:10)
1 creature vanquished.

Grand Total: 224 creatures vanquished

Notes
Turn   | Place    | Note
-------+----------+-------------------------------------------
     0 | D:1      | sankara the Ghoul Necromancer began the quest for the Orb.
     0 | D:1      | Reached XP level 1. HP: 14/14 MP: 2/2
     6 | D:1      | Noticed a queen ant
     6 | D:1      | Noticed a basilisk
     7 | D:1      | Noticed a yaktaur captain
    33 | D:1      | Learned a level 1 spell: Animate Skeleton
   124 | D:1      | Reached skill level 2 in Spellcasting
   173 | D:1      | Reached XP level 2. HP: 20/20 MP: 0/4
   551 | D:1      | Reached XP level 3. HP: 26/26 MP: 5/5
  1062 | D:2      | HP: 6/26 [worker ant (3)]
  1071 | D:2      | Reached XP level 4. HP: 14/33 MP: 5/7
  1421 | D:2      | Learned a level 3 spell: Vampiric Draining
  1425 | D:2      | Learned a level 3 spell: Regeneration
  1598 | D:3      | Reached skill level 3 in Spellcasting
  1598 | D:3      | Reached skill level 5 in Necromancy
  1711 | D:3      | Noticed Dargar's ghost (amateur FoAK)
  2420 | D:3      | Reached XP level 5. HP: 29/38 MP: 8/8
  2502 | D:4      | Noticed an ogre
  2532 | D:3      | HP: 6/38 [ogre/giant spiked club (16)]
  2580 | D:2      | HP: 5/38 [orc/club (1)]
  2722 | D:4      | Found a staircase to the Ecumenical Temple.
  2723 | D:4      | Noticed Edmund
  2758 | Temple   | Entered the Ecumenical Temple
  2790 | Temple   | Became a worshipper of Kikubaaqudgha
  2796 | Temple   | HP: 3/38 [Edmund/flail of protection (11)]
  2808 | Temple   | HP: 4/38 [Edmund/flail of protection (9)]
  2814 | Temple   | HP: 4/38 [Edmund/flail of protection (7)]
  2816 | Temple   | Killed Edmund
  2816 | Temple   | Reached XP level 6. HP: 29/45 MP: 1/10
  3288 | D:4      | Reached skill level 4 in Spellcasting
  3324 | D:4      | Reached skill level 6 in Necromancy
  3462 | D:4      | Noticed Menkaure
  3467 | D:4      | Noticed Purgy
  3468 | D:4      | Killed Menkaure
  3468 | D:4      | Reached XP level 7. HP: 50/50 MP: 12/12
  3507 | D:4      | Killed Purgy
  3979 | D:5      | Entered Level 5 of the Dungeon
  4228 | D:5      | Reached skill level 5 in Spellcasting
  4391 | D:5      | Reached skill level 7 in Necromancy
  4914 | D:5      | Found Yfeucy's Distillery.
  4917 | D:5      | Bought a potion of degeneration for 13 gold pieces
  4962 | D:5      | Reached XP level 8. HP: 36/48 MP: 7/15
  5272 | D:6      | Found a shattered altar of Ashenzari.
  5500 | D:6      | Reached * piety under Kikubaaqudgha
  5500 | D:6      | Identified Kikubaaqudgha's Tome of Sinister Magic (Kikubaaqudgha gifted it to you on level 6 of the Dungeon)
  5500 | D:6      | Received a gift from Kikubaaqudgha
  5507 | D:6      | Learned a level 4 spell: Animate Dead
  5509 | D:6      | Learned a level 1 spell: Magic Dart
  5512 | D:6      | Learned a level 2 spell: Blink
  5591 | D:6      | Reached skill level 6 in Spellcasting
  5591 | D:6      | Reached skill level 8 in Necromancy
  6581 | D:7      | Found a burning altar of Makhleb.
  6950 | D:7      | Reached XP level 9. HP: 41/62 MP: 9/18
  6963 | D:7      | HP: 15/62 [hog (6)]
  6970 | D:6      | Reached skill level 7 in Spellcasting
  6970 | D:6      | Reached skill level 9 in Necromancy
  7614 | D:7      | Upgraded the game from 0.22-a0-388-g09e6169 to 0.22-a0-389-g8519d86
  7646 | D:7      | Reached skill level 1 in Fighting
  7835 | D:8      | Noticed a red ugly thing
  7875 | D:7      | Reached ** piety under Kikubaaqudgha
  7875 | D:7      | Reached skill level 2 in Fighting
  7952 | D:8      | Noticed a two-headed ogre
  7964 | D:8      | Killed a two-headed ogre
  7964 | D:8      | Reached skill level 3 in Fighting
  7964 | D:8      | Reached skill level 10 in Necromancy
  7970 | D:8      | Reached skill level 4 in Fighting
  8074 | D:8      | Reached skill level 5 in Fighting
  8074 | D:8      | Reached XP level 10. HP: 75/81 MP: 17/20
  8241 | D:8      | Reached skill level 6 in Fighting
  8246 | D:8      | HP: 11/83 [red ugly thing (21)]
  8251 | D:8      | Killed a red ugly thing
  8525 | D:9      | Reached skill level 7 in Fighting
  8584 | D:9      | Noticed a two-headed ogre
  8598 | D:9      | Killed a two-headed ogre
  8598 | D:9      | Reached skill level 8 in Fighting
  8703 | D:9      | Noticed a deep elf mage
  8727 | D:9      | Killed a deep elf mage
  8727 | D:9      | Reached skill level 9 in Fighting
  9375 | D:10     | Entered Level 10 of the Dungeon
  9501 | D:10     | Reached skill level 10 in Fighting
  9534 | D:10     | Reached *** piety under Kikubaaqudgha
  9534 | D:10     | Identified Kikubaaqudgha's Guide on Dark Secrets (Kikubaaqudgha gifted it to you on level 10 of the Dungeon)
  9534 | D:10     | Received a gift from Kikubaaqudgha
  9552 | D:10     | Reached skill level 1 in Shields
  9575 | D:10     | Learned a level 5 spell: Dispel Undead
  9609 | D:10     | Noticed Nergalle
  9660 | D:10     | Noticed Maurice
  9910 | D:10     | Noticed a spectral orc warlord
  9911 | D:10     | Killed Nergalle
  9911 | D:10     | Reached skill level 8 in Spellcasting
  9911 | D:10     | Reached XP level 11. HP: 65/99 MP: 0/22
  9931 | D:10     | Learned a level 6 spell: Death Channel
  9947 | D:10     | Reached skill level 2 in Shields
 10089 | D:10     | HP: 12/98 [orc warrior/bloodstained quarterstaff {holy} (21)]
 10518 | D:9      | HP: 16/97 [orc warrior/bloodstained quarterstaff {holy} (15)]
 10821 | D:10     | Noticed Josephine
 10902 | D:10     | Reached skill level 3 in Shields
 11256 | D:10     | Found a staircase to the Orcish Mines.
 11396 | D:7      | HP: 18/87 [orc warrior/bloodstained quarterstaff {holy} (24)]
 11522 | D:10     | Reached skill level 4 in Shields
 11568 | D:10     | Killed Josephine
 12293 | D:11     | Noticed Sonja
 12323 | D:11     | Noticed a manticore
 12341 | D:11     | Killed a manticore
 12341 | D:11     | Reached skill level 11 in Necromancy
 12397 | D:11     | Cast into level 2 of the Abyss (Sonja)
 12504 | Abyss:2  | Noticed a sixfirhy
 12510 | Abyss:2  | HP: 21/90 [smoke demon/ball of steam (14)]
 12510 | Abyss:2  | HP: 10/90 [sixfirhy[a cacodemon] (10)]
 12511 | Abyss:2  | Slain by a sixfirhy

Vault maps used:
D:1:      onia_arrival_zoo_common
D:2:      minmay_strange_pillars
D:3:      fountainhead
D:4:      temple_fountains, first_ration, uniq_purgy, uniq_edmund, uniq_menkaure
D:5:      serial_shops, kennysheep_mini
D:6:      grunt_decor_one_mirror, nicolae_ashenzari_panopticon
D:7:      lightli_temple_of_fire, grunt_livestock
D:9:      minmay_stone_trees_small
D:10:     david_lair_shrubbed, orc_0_dummy, uniq_josephine, uniq_maurice,
          uniq_nergalle
D:11:     minmay_splitting_lines, uniq_fannar, uniq_sonja
Temple:   kilobyte_greek_temple
Abyss:2:  evilmike_abyss_exit_3

Skill      XL: |  1  2  3  4  5  6  7  8  9 10 11 |
---------------+----------------------------------+-----
Spellcasting   | 2 3 4 5 6 7 8 |  8.3
Necromancy     | 5 6 7 8 10 11 | 11.2
Fighting       | 5 10 | 10.0
Shields        | 1 4 |  4.0
Dodging        | |  1.7
Stealth        | |  2.1

Action                   |  1- 3 |  4- 6 |  7- 9 | 10-12 || total
-------------------------+-------+-------+-------+-------++-------
Melee: Unarmed           |    25 |       |       |       ||    25
       Whip              |    42 |       |       |       ||    42
       Dagger            |    21 |    98 |   372 |   391 ||   882
       Long sword        |       |       |    54 |       ||    54
       Rapier            |       |       |    53 |    72 ||   125
       Falchion          |       |       |       |     2 ||     2
 Fire: Hunting sling     |    20 |    70 |   214 |    13 ||   317
Throw: Stone             |       |       |     1 |       ||     1
 Cast: Pain              |    10 |    29 |   112 |    40 ||   191
       Animate Skeleton  |    13 |    19 |    13 |    13 ||    58
       Regeneration      |       |     2 |     1 |       ||     3
       Vampiric Draining |       |       |     3 |    23 ||    26
       Animate Dead      |       |       |     1 |    23 ||    24
       Blink             |       |       |     1 |     1 ||     2
       Dispel Undead     |       |       |       |    14 ||    14
       Death Channel     |       |       |       |     5 ||     5
Invok: Receive Corpses   |       |       |     1 |     8 ||     9
Evoke: Wand              |       |       |     1 |       ||     1
  Use: Scroll            |       |     5 |     1 |     7 ||    13
       Potion            |       |     4 |       |     1 ||     5
 Stab: Sleeping          |     3 |       |       |     1 ||     4
       Distracted        |     1 |     1 |     2 |     3 ||     7
  Eat: Chunk             |    10 |    18 |    19 |    27 ||    74
       Ration            |       |       |       |     3 ||     3
Armor: Robe              |    21 |    39 |    16 |       ||    76
       Troll leather arm |       |       |   482 |   281 ||   763
Dodge: Dodged            |    53 |    86 |   536 |   312 ||   987
Block: Buckler           |       |       |       |    29 ||    29
       Rpst.: Long sword |       |       |    13 |       ||    13

Table legend:
 A = Spawn XP
 B = Non-spawn XP
 C = Spawn XP percentage of total XP
 D = Spawn monster count
 E = Non-spawn monster count
 F = Spawn count percentage of total count
 G = Total turns spent on level
                    A         B        C        D         E        F      G
               +---------+---------+-------+---------+---------+-------+---------
         Total |     213 |   13077 |   1.6 |       1 |     222 |   0.4 | 12511
               +---------+---------+-------+---------+---------+-------+---------
           D:1 |       0 |      53 |   0.0 |       0 |      23 |   0.0 |   906
           D:2 |       0 |      62 |   0.0 |       0 |      23 |   0.0 |   803
           D:3 |       0 |      54 |   0.0 |       0 |      20 |   0.0 |   922
           D:4 |       0 |     556 |   0.0 |       0 |      11 |   0.0 |   998
           D:5 |       0 |     292 |   0.0 |       0 |      12 |   0.0 |  1260
           D:6 |       0 |     867 |   0.0 |       0 |      22 |   0.0 |  1118
           D:7 |       0 |    1540 |   0.0 |       0 |      12 |   0.0 |  1441
           D:8 |       0 |    1845 |   0.0 |       0 |      20 |   0.0 |   979
           D:9 |       0 |    3140 |   0.0 |       0 |      24 |   0.0 |  2064
          D:10 |       0 |    3110 |   0.0 |       0 |      29 |   0.0 |   863
          D:11 |       0 |    1368 |   0.0 |       0 |      24 |   0.0 |   693
        Temple |       0 |     190 |   0.0 |       0 |       2 |   0.0 |   350
       Abyss:2 |     213 |       0 | 100.0 |       1 |       0 | 100.0 |   114
               +---------+---------+-------+---------+---------+-------+---------

Vault maps used:
D:1:      onia_arrival_zoo_common
D:2:      minmay_strange_pillars
D:3:      fountainhead
D:4:      temple_fountains, first_ration, uniq_purgy, uniq_edmund, uniq_menkaure
D:5:      serial_shops, kennysheep_mini
D:6:      grunt_decor_one_mirror, nicolae_ashenzari_panopticon
D:7:      lightli_temple_of_fire, grunt_livestock
D:9:      minmay_stone_trees_small
D:10:     david_lair_shrubbed, orc_0_dummy, uniq_josephine, uniq_maurice,
          uniq_nergalle
D:11:     minmay_splitting_lines, uniq_fannar, uniq_sonja
Temple:   kilobyte_greek_temple
Abyss:2:  evilmike_abyss_exit_3

Table legend:
 A = Turns spent in this place as a percentage of turns spent in the entire game.
 B = Non-inter-level travel turns spent in this place as a percentage of non-inter-level travel turns spent in the entire game.
 C = Inter-level travel turns spent in this place as a percentage of turns spent in this place.
 D = Turns resting spent in this place as a percentage of non-inter-level travel turns spent in this place.
 E = Turns spent auto-exploring this place as a percentage of non-inter-level travel turns spent in this place.
 F = Non-inter-level travel turns spent in this place divided by the number of levels of this place that you've seen.
                   A       B       C       D       E      F
               +-------+-------+-------+-------+-------+----------------------
         Total | 100.0 | 100.0 |   8.0 |  14.7 |  49.7 | 885.1
       Dungeon |  96.3 |  96.3 |   8.0 |  12.7 |  51.6 | 1007.2
        Temple |   2.8 |   2.7 |  10.6 |  76.7 |   0.0 | 313.0
         Abyss |   0.9 |   1.0 |   0.0 |  38.6 |   0.0 | 114.0
               +-------+-------+-------+-------+-------+----------------------

Table legend:
 A = Kills in this place as a percentage of kills in entire the game.
 B = Kills by you in this place as a percentage of kills by you in the entire game.
 C = Kills by friends in this place as a percentage of kills by friends in the entire game.
 D = Other kills in this place as a percentage of other kills in the entire game.
 E = Experience gained in this place as a percentage of experience gained in the entire game.
 F = Experience gained in this place divided by the number of levels of this place that you have seen.
                   A       B       C       D       E      F
               +-------+-------+-------+-------+-------+----------------------
         Total | 100.0 | 100.0 | 100.0 |   N/A | 100.0 | 1022.3
       Dungeon |  98.7 |  98.9 |  97.0 |   N/A |  97.0 | 1171.5
        Temple |   0.9 |   1.1 |   0.0 |   N/A |   1.4 | 190.0
         Abyss |   0.4 |   0.0 |   3.0 |   N/A |   1.6 | 213.0
               +-------+-------+-------+-------+-------+----------------------
